 Dungeon Crawl Stone Soup version 0.30-a0-176-gdd20fb75b6 (webtiles) character file.

Game seed: 16151647968895574868

166 Aibolit the Vexing (level 5, -1/39 HPs)
             Began as a Human Hexslinger on Oct 2, 2022.
             Succumbed to an adder's poison
             ... on level 2 of the Dungeon.
             The game lasted 00:02:18 (695 turns).

Aibolit the Vexing (Human Hexslinger)                Turns: 695, Time: 00:02:19

Health: -1/39      AC:  3    Str: 11    XL:     5   Next: 76%
Magic:  4/8        EV: 13    Int: 13    God:
Gold:   79         SH:  0    Dex: 15    Spells: 7/8 levels left

rFire   . . .      SeeInvis .    a - +1 sling
rCold   . . .      Faith    .    (no shield)
rNeg    . . .      Spirit   .    c - +0 robe
rPois   .          Reflect  .    f - +0 helmet
rElec   .          Harm     .    (no cloak)
rCorr   .          Rampage  .    (no gloves)
Will    .....                    (no boots)
Stlth   +.........               (no amulet)
HPRegen 0.26/turn                (no ring)
MPRegen 0.11/turn                (no ring)

@: lethally poisoned (-1 -> -4)
A: no striking features
a: no special abilities


You were on level 2 of the Dungeon.
You visited 1 branch of the dungeon, and saw 2 of its levels.

You collected 79 gold pieces.

Inventory:

Hand Weapons
 a - a +1 sling (weapon)
Armour
 c - a +0 robe (worn)
 f - a +0 helmet (worn)
Wands
 e - a wand of iceblast (4)
Scrolls
 b - a scroll of poison
 j - a scroll of magic mapping
Potions
 d - a potion of mutation {unknown}
 g - a potion of haste


   Skills:
 + Level 2.3 Fighting
 + Level 3.0 Ranged Weapons
 + Level 3.0 Dodging
 + Level 2.2 Spellcasting
 + Level 3.7 Hexes


You had 7 spell levels left.
You knew the following spells:

 Your Spells              Type           Power      Damage    Failure   Level
a - Slow                  Hex            44%        N/A       5%          1

Your spell library contained the following spells:

 Spells                   Type           Power      Damage    Failure   Level
 Inner Flame              Hex/Fire       6%         N/A       34%         3
 Portal Projectile        Hex/Tloc       12%        N/A       34%         3
 Cause Fear               Hex            5%         N/A       47%         4


Dungeon Overview and Level Annotations

Branches:
Dungeon (2/15)

Altars:


Message History

Fire: a) +1 sling
Press: ? - help, Q - select action, (/) - cycle Shift-Dir - straight line, f - adder
Aim: an adder (wandering, hasn't noticed you, 40% to hit)
You shoot a sling bullet. The adder hisses angrily.
The sling bullet hits the adder!
The adder is severely wounded.
Fire: a) +1 sling
Press: ? - help, Q - select action, (/) - cycle Shift-Dir - straight line, f/p - adder
Aim: an adder (severely wounded, 40% to hit)
You shoot a sling bullet. The sling bullet misses the adder.
Unknown command.
You are too injured to fight recklessly!
You are too injured to fight recklessly!
The adder closely misses you.
Fire: a) +1 sling
Press: ? - help, Q - select action, (/) - cycle Shift-Dir - straight line, f/p - adder
Aim: an adder (severely wounded, 40% to hit)
You shoot a sling bullet.
The sling bullet barely misses the adder.
The adder bites you.
* * * LOW HITPOINT WARNING * * *
You are poisoned.
The adder poisons you! The adder bites you.
* * * LOW HITPOINT WARNING * * *
* * * LOW HITPOINT WARNING * * *
You feel sick.
Aiming: Iceblast
Press: ? - help, Shift-Dir - straight line, p - adder
Okay, then.
Unknown command.
The adder attacks as you move away! The adder bites you.
* * * LOW HITPOINT WARNING * * *
x2 You feel sick.
* * * LOW HITPOINT WARNING * * *
You feel sick.
You are too injured to fight recklessly!
You are too injured to fight recklessly!
You shoot a sling bullet. The sling bullet misses the adder.
You die...

#.# #S# #.# #.#
#####.####### ###
#...†...##.. ...
#.....).##.# ###
######.......##.#
...........#..S@#
#####......#.####
#....†....#.#
#.##......#.# #
#......#.#
####.###.# #.#
#.# .. ..# ..


You could see an adder.

Vanquished Creatures
  Sigmund (D:2)
  A dart slug (D:2)
  3 endoplasms (D:1)
  2 goblins (D:1)
  3 hobgoblins
  A ball python (D:1)
  A bat (D:1)
  2 rats
14 creatures vanquished.

Notes
Turn   | Place    | Note
-------+----------+-------------------------------------------
     0 | D:1      | Aibolit the Human Hexslinger began the quest for the Orb.
     0 | D:1      | Reached XP level 1. HP: 15/15 MP: 2/2
     7 | D:1      | Noticed a rime drake
     7 | D:1      | Noticed a polar bear
     7 | D:1      | Noticed a hound
     8 | D:1      | Noticed a swamp worm
   284 | D:1      | Reached XP level 2. HP: 21/21 MP: 3/3
   506 | D:1      | Found a faded altar of an unknown god.
   677 | D:2      | Noticed Sigmund
   684 | D:2      | Killed Sigmund
   685 | D:2      | Reached XP level 3. HP: 6/28 MP: 3/6
   685 | D:2      | Reached XP level 4. HP: 7/34 MP: 3/7
   685 | D:2      | Reached XP level 5. HP: 8/39 MP: 3/8
   694 | D:2      | HP: 1/39 [poisoned by an adder]
   695 | D:2      | Succumbed to an adder's poison

Illustrated notes

Levels and vault maps discovered:
D:1:      onia_arrival_zoo_common, layout_loops_ring,
          shapermc_ecumenical_altar_mp_vishouse
D:2:      layout_basic, basic_altar, uniq_sigmund

Skill      XL: |  1  2 |
---------------+-------+-----
Fighting       | 2 |  2.3
Ranged Weapons | 3 |  3.0
Dodging        | 3 |  3.0
Spellcasting   | 2 |  2.2
Hexes          | |  3.7

Action                   |  1- 3 |  4- 6 || total
-------------------------+-------+-------++-------
 Fire: Sling             |    42 |     4 ||    46
 Cast: Slow              |     2 |       ||     2
Evoke: Wand              |     1 |       ||     1
  Use: Scroll            |     5 |       ||     5
Armor: Robe              |     4 |       ||     4
Dodge: Dodged            |    14 |     1 ||    15

Table legend: (Time is in decaauts)
 A = Elapsed time spent in this place.
 B = Non-inter-level travel time spent in this place.
 C = Inter-level travel time spent in this place.
 D = Time resting spent in this place.
 E = Time spent auto-exploring this place.
 F = Levels seen in this place.
 G = Mean time per level.
                   A        B        C        D        E       F      G
               +--------+--------+--------+--------+--------+-----+--------+
         Total |    707 |    683 |     24 |      2 |    560 |   2 |  353.5 |
       Dungeon |    707 |    683 |     24 |      2 |    560 |   2 |  353.5 |
               +--------+--------+--------+--------+--------+-----+--------+

Top non-repeatable levels by time:
     D:1: 658 daAuts
     D:2: 49 daAuts
